Map: NeoHumanity LE

Players

MaNa

  • Race: Protoss Protoss
  • Spawn Location: 11:00

DRG - Winner!

  • Race: Zerg Zerg
  • Spawn Location: 5:00

Event: ESL SC2 Masters 2023 Summer (Finals)

VOD

Have the link to the VOD?

Description

Time

  • Played on: June 16, 2023, 7:02 a.m.
  • Length: 13:13

All games in this series

Show
View Real Time Build Order
Export as new Build Order

MaNa Protoss 

Build Orders: 1 Gate Expand, Colossus Rush 

Get SALT Encoding   

  12  0:00  Probe  
  13  0:12  Probe  
  14  0:19  Pylon  
  14  0:24  Probe  
  15  0:37  Probe (Chrono Boost)  
  15  0:41  Gateway  
  16  0:47  Probe (Chrono Boost)  
  17  0:51  Assimilator  
  17  0:52  Probe (Chrono Boost)  
  18  1:04  Probe (Chrono Boost)  
  19  1:13  Probe (Chrono Boost)  
  19  1:18  Probe  
  21  1:28  Cybernetics Core  
  21  1:39  Nexus  
  22  1:48  Pylon  
  22  1:49  Probe  
  22  1:53  Assimilator  
  22  2:01  Probe  
  22  2:03  Adept (Chrono Boost)  
  25  2:13  Probe  
  26  2:16  Robotics Facility  
  26  2:25  Probe  
  26  2:26  Adept  
  26  2:29  Warp Gate  
  29  2:37  Probe  
  30  2:50  Probe  
  30  2:51  Probe  
  32  2:56  Adept  
  34  3:02  Probe  
  34  3:03  Probe  
  36  3:08  Robotics Bay  
  36  3:14  Observer  
  36  3:15  Probe x2  
  39  3:20  Pylon  
  39  3:26  Stalker  
  41  3:28  Assimilator  
  41  3:29  Probe x2  
  41  3:33  Warp Prism (Chrono Boost)  
  43  3:41  Probe  
  46  3:42  Probe  
  46  3:46  Gateway  
  47  3:53  Probe  
  47  3:54  Probe  
  49  3:59  Disruptor (Chrono Boost)  
  52  4:05  Probe  
  52  4:06  Probe, Assimilator  
  54  4:11  Pylon  
  54  4:23  Gravitic Drive  
  54  4:29  Probe x2, Disruptor (Chrono Boost)  
  54  4:30  Adept  
  61  4:41  Probe x2  
  59  4:53  Probe, Adept  
  62  5:05  Pylon  
  62  5:15  Pylon  
  62  5:16  Nexus  
  62  5:18  Pylon  
  62  5:19  Colossus (Chrono Boost)  
  62  5:23  Probe x2  
  70  5:34  Pylon  
  70  5:35  Probe x2  
  70  5:41  Stargate x2  
  70  5:45  Gateway, Shield Battery  
  70  5:47  Probe x2  
  72  5:59  Probe x2  
  72  6:03  Pylon  
  74  6:06  Immortal  
  78  6:11  Probe x2  
  78  6:14  Zealot, Sentry  
  78  6:15  Observer  
  84  6:19  Pylon  
  84  6:23  Probe (Chrono Boost)  
  84  6:24  Probe (Chrono Boost)  
  86  6:33  Probe (Chrono Boost)  
  86  6:34  Phoenix x2  
  86  6:36  Probe x2 (Chrono Boost)  
  93  6:40  Zealot x2  
  93  6:42  Probe (Chrono Boost)  
  93  6:43  Probe x2 (Chrono Boost)  
  100  6:47  Probe (Chrono Boost)  
  100  6:50  Probe x2  
  100  6:52  Stalker  
  105  6:57  Assimilator  
  105  6:58  Assimilator  
  105  6:59  Probe  
  105  7:01  Phoenix x2  
  105  7:03  Probe  
  105  7:06  Probe  
  111  7:09  Immortal  
  111  7:11  Probe  
  116  7:22  Twilight Council  
  116  7:25  Gateway  
  116  7:26  Stalker x3  
  122  7:49  Nexus, Shield Battery  
  122  7:57  Shield Battery  
  122  7:58  Pylon  
  122  8:14  Zealot x2  
  122  8:19  Pylon x2  
  132  8:22  Void Ray x2  
  132  8:25  Forge  
  132  8:26  Pylon  
  132  8:36  Disruptor, Gateway  
  135  8:41  Cybernetics Core  
  133  8:50  Zealot x4  
  135  9:05  Void Ray x2  
  124  9:12  Disruptor  
  124  9:15  Probe x2  
  124  9:16  Probe  
  125  9:17  Probe  
  125  9:18  Zealot x3  
  125  9:21  Shield Battery  
  125  9:23  Protoss Ground Weapons Level 1  
  131  9:24  Charge  
  131  9:25  Shield Battery  
  131  9:27  Probe x2, Templar Archives  
  133  9:38  Probe x2  
  129  9:48  Disruptor  
  129  9:49  Stalker x4  
  111  10:08  Void Ray x2  
  111  10:12  Stalker  
  111  10:13  Stalker x2  
  115  10:17  Probe  
  112  10:24  Photon Cannon  
  112  10:27  Probe  
  113  10:29  Probe  
  111  10:39  Probe  
  111  10:46  Stalker  
  98  11:05  Zealot x2  
  98  11:09  Probe  
  96  11:13  Protoss Air Weapons Level 1  
  94  11:20  Probe x2 (Chrono Boost), Zealot  
  92  11:27  Probe (Chrono Boost)  
  92  11:31  Probe (Chrono Boost)  
  86  11:33  Probe (Chrono Boost)  
  86  11:35  Probe (Chrono Boost), Gateway  
  86  11:36  Probe (Chrono Boost)  
  86  11:39  Robotics Facility  
  88  11:40  Stalker x3  
  88  11:46  Probe x2  
  96  11:59  Probe  
  86  12:02  Probe  
  86  12:07  Void Ray  
  86  12:08  Stalker x3  
  85  12:11  Probe  
  85  12:12  Observer (Chrono Boost)  
  85  12:15  Pylon  
  87  12:16  Probe x2  
  89  12:23  Probe  
  85  12:31  Zealot x2  
  85  12:32  Zealot x2  
  85  12:35  Disruptor (Chrono Boost)  
  89  12:39  Probe, Disruptor (Chrono Boost)  
  96  12:44  Probe  
Show
View Real Time Build Order
Export as new Build Order

DRG Zerg - Winner!

Build Orders: Hatch First 

Get SALT Encoding   

  12  0:00  Drone  
  13  0:12  Overlord  
  13  0:17  Drone  
  14  0:30  Drone x2  
  14  0:34  Drone  
  17  0:52  Hatchery  
  17  0:54  Drone  
  17  0:57  Drone  
  18  1:06  Drone  
  18  1:09  Extractor  
  18  1:15  Spawning Pool  
  17  1:19  Drone  
  18  1:28  Drone  
  19  1:38  Drone  
  20  1:49  Drone  
  21  2:00  Overlord  
  21  2:03  Queen  
  21  2:04  Queen  
  21  2:05  Drone  
  26  2:10  Metabolic Boost  
  26  2:11  Zergling x2  
  26  2:14  Zergling x2  
  28  2:21  Drone  
  29  2:25  Zergling x2  
  30  2:31  Zergling x2  
  30  2:36  Overlord  
  31  2:43  Hatchery  
  30  2:48  Queen  
  32  2:53  Drone  
  32  2:56  Queen  
  35  3:00  Drone  
  35  3:02  Drone  
  35  3:04  Drone  
  39  3:05  Drone  
  39  3:09  Drone  
  39  3:12  Drone x2  
  42  3:15  Drone  
  42  3:19  Overlord  
  43  3:21  Drone  
  44  3:31  Overlord  
  44  3:37  Queen  
  44  3:38  Queen  
  44  3:39  Drone  
  49  3:42  Drone  
  49  3:45  Drone  
  49  3:48  Drone  
  52  3:50  Drone x2  
  52  3:53  Drone x2  
  56  3:58  Queen  
  56  4:02  Baneling Nest  
  57  4:03  Zergling x2  
  57  4:07  Zergling x2  
  57  4:08  Zergling x4  
  61  4:11  Roach Warren  
  61  4:16  Overlord  
  61  4:19  Drone x4  
  61  4:21  Zergling x2  
  66  4:27  Unknown, Lair  
  66  4:29  Overlord  
  66  4:31  Drone  
  64  4:39  Drone x4  
  64  4:40  Zergling x4  
  64  4:43  Drone x2  
  70  4:47  Drone  
  70  4:48  Drone  
  72  4:56  Overlord x2  
  72  5:01  Drone  
  72  5:02  Drone x3  
  72  5:04  Overlord  
  75  5:07  Extractor  
  75  5:09  Overlord  
  75  5:12  Overlord  
  74  5:15  Drone x3  
  74  5:16  Drone x3  
  74  5:18  Extractor  
  74  5:19  Extractor  
  74  5:20  Zergling x2  
  78  5:35  Drone x4  
  76  5:39  Glial Reconstitution  
  76  5:41  Drone x3  
  76  5:42  Evolution Chamber  
  80  5:43  Overlord  
  80  5:44  Roach x2  
  80  5:45  Roach x2  
  88  5:56  Drone x2  
  88  6:02  Roach x3  
  88  6:03  Overlord  
  94  6:06  Drone  
  94  6:08  Zerg Missile Weapons Level 1  
  95  6:16  Roach x5  
  105  6:28  Overseer  
  105  6:30  Roach x4  
  103  6:37  Drone  
  104  6:42  Hatchery  
  104  6:44  Roach x4  
  104  6:46  Overseer  
  111  6:50  Roach x3  
  117  6:56  Roach x3  
  117  6:59  Roach x2  
  127  7:01  Overlord  
  127  7:05  Overlord  
  127  7:11  Roach x4  
  135  7:18  Queen  
  135  7:19  Queen  
  135  7:20  Queen  
  141  7:25  Ravager x8  
  141  7:28  Overlord  
  149  7:34  Overlord  
  149  7:40  Overlord  
  149  7:42  Overlord  
  149  7:44  Overlord  
  149  7:46  Overlord  
  149  7:49  Roach  
  151  7:54  Queen  
  151  7:55  Queen  
  148  8:08  Roach  
  148  8:09  Roach x9  
  143  8:14  Roach x4  
  143  8:17  Ravager x7  
  156  8:24  Roach x3  
  162  8:29  Roach x2  
  166  8:37  Ravager x5  
  169  8:48  Queen x2  
  169  8:57  Roach x8  
  166  9:03  Queen x2  
  145  9:19  Roach x8  
  145  9:22  Ravager x2  
  163  9:24  Queen x2  
  163  9:26  Roach x3  
  163  9:27  Zergling x2  
  174  9:34  Zergling x12  
  180  9:39  Infestation Pit  
  173  9:52  Queen x2  
  164  9:58  Roach x8  
  157  10:08  Zergling x12  
  157  10:11  Roach x2  
  164  10:15  Zerg Missile Weapons Level 2  
  164  10:17  Hive  
  164  10:19  Roach x8  
  165  10:26  Roach x4  
  170  10:34  Ravager x2  
  170  10:35  Roach x2, Ravager x4  
  166  10:43  Drone x2  
  166  10:44  Drone x2  
  166  10:45  Extractor  
  166  10:46  Extractor  
  159  10:51  Zergling x20  
  168  10:59  Zergling x4  
  168  11:04  Queen, Zergling x6  
  165  11:07  Queen  
  165  11:09  Hydralisk Den  
  165  11:11  Queen  
  155  11:13  Zergling x8  
  128  11:30  Viper x3  
  131  11:38  Drone x6  
  137  11:40  Queen  
  137  11:41  Grooved Spines  
  137  11:43  Queen  
  137  11:46  Hydralisk x4  
  146  12:03  Hydralisk x7  
  155  12:13  Hydralisk x4  
  163  12:27  Hydralisk x6  
  170  12:34  Hydralisk  
  166  12:39  Hydralisk x2  
  170  12:48  Hydralisk x4  
  178  12:51  Zergling x4  
Tags
 
Add a new tag
Caveats
  • Supply blocks, unpowered buildings, or Contaminate may cause inaccurate times.
  • Supply counts are checked every 10 seconds.